 Dungeon Crawl Stone Soup version 0.29.0-13-gc9e81de378 (webtiles) character file.

Game seed: 11390410749408354872

9608 H0rd4k the Slicer (level 11, -2/83 HPs)
             Began as a Human Artificer on Sept 9, 2022.
             Was an Initiate of Gozag.
             Succumbed to barbed spike wounds
             ... on level 11 of the Dungeon.
             The game lasted 00:31:00 (14404 turns).

H0rd4k the Slicer (Human Artificer)                Turns: 14404, Time: 00:31:02

Health: -2/83      AC:  8    Str: 12    XL:     11   Next: 77%
Magic:  18/18      EV: 18    Int: 17    God:    Gozag
Gold:   645        SH:  5    Dex: 24    Spells: 11/19 levels left

rFire   . . .      SeeInvis .   A - +2 dagger (venom)
rCold   . . .      Faith    .   (no shield)
rNeg    . . .      Spirit   .   C - +1 leather armour of Lifelessness {rPois Int+2 Slay+6 Stlth+}
rPois   +          Reflect  +   e - +2 helmet of the Ancient Dances {Dex+3}
rElec   .          Harm     .   (no cloak)
rCorr   +          Rampage  .   (no gloves)
Will    .....                   c - +0 pair of boots
Stlth   ++++......              n - amulet of reflection
HPRegen 0.23/turn               h - +6 ring of dexterity
MPRegen 0.16/turn               v - ring of resist corrosion

@: spiked, gold aura, studying Long Blades
A: no striking features
a: Renounce Religion, Potion Petition, Call Merchant, Bribe Branch


You were on level 11 of the Dungeon.
You worshipped Gozag.
Gozag was pleased with you.
You visited 2 branches of the dungeon, and saw 12 of its levels.

You collected 852 gold pieces.
You paid 207 gold pieces to Gozag.

Inventory:

Hand Weapons
 A - a +2 dagger of venom (weapon)
Missiles
 l - 38 poisoned darts (quivered)
Armour
 c - a +0 pair of boots (worn)
 e - the +2 helmet of the Ancient Dances (worn) {Dex+3}
   (You found it on level 8 of the Dungeon)

   Dex:       It affects your dexterity (+3).
 z - the +2 leather armour of Xoejus {Contam Harm rPois}
   (You found it on level 10 of the Dungeon)

   rPois:     It protects you from poison.
   Contam:    It causes magical contamination when unequipped.
   Harm:      It increases damage dealt and taken.
 C - the +1 leather armour of Lifelessness (worn) {rPois Int+2 Slay+6 Stlth+}
   (You found it on level 4 of the Dungeon)

   Int:       It affects your intelligence (+2).
   Slay:      It affects your accuracy & damage with ranged weapons and melee
   (+6).
   rPois:     It protects you from poison.
   Stlth:     It makes you more stealthy.
Magical Staves
 b - a staff of earth
 g - a staff of cold
Jewellery
 h - a +6 ring of dexterity (left hand)
 k - a ring of willpower
 n - an amulet of reflection (around neck)
 v - a ring of resist corrosion (right hand)
 y - a ring of fire
 H - an amulet of the acrobat
Wands
 G - a wand of roots (28)
Scrolls
 a - a scroll of silence
 f - 2 scrolls of vulnerability
 i - 3 scrolls of amnesia
 p - 4 scrolls of teleportation
 q - 3 scrolls of blinking
 u - a scroll of brand weapon
 E - 2 scrolls of butterflies
 F - a scroll of immolation
Potions
 d - a potion of degeneration {unknown}
 j - 2 potions of lignification
 m - 4 potions of mutation
 o - a potion of ambrosia {unknown}
 r - a potion of brilliance
 s - a potion of heal wounds {unknown}
 t - 2 potions of haste
 w - a potion of berserk rage {unknown}
 x - a potion of attraction {unknown}
 D - a potion of might {unknown}
 J - a potion of cancellation {unknown}
 K - a potion of curing
Miscellaneous
 B - a phial of floods (inert)


   Skills:
 + Level 6.4 Fighting
 + Level 10.0 Short Blades
 - Level 4.3 Maces & Flails
 + Level 0.8 Throwing
 - Level 2.0 Armour
 + Level 7.7 Dodging
 + Level 4.2 Stealth
 - Level 3.6 Shields
 * Level 4.7 Spellcasting
 * Level 3.8 Summonings
 + Level 2.1 Translocations
 + Level 2.4 Air Magic
 + Level 3.2 Evocations


You had 11 spell levels left.
You knew the following spells:

 Your Spells              Type           Power      Damage    Failure   Level
a - Blink                 Tloc           22%        N/A       12%         2
b - Swiftness             Air            12%        N/A       21%         3
c - Call Canine Familiar  Summ           17%        N/A       12%         3

Your spell library contained the following spells:

 Spells                   Type           Power      Damage    Failure   Level
 Summon Small Mammal      Summ           68%        N/A       3%          1
 Poisonous Vapours        Pois/Air       16%        N/A       17%         2
 Magic Dart               Conj           16%        1d3       19%         1
 Lesser Beckoning         Tloc           11%        N/A       22%         3
 Summon Guardian Golem    Hex/Summ       10%        N/A       26%         3
 Ensorcelled Hibernation  Hex/Ice        8%         N/A       28%         2
 Passwall                 Tmut/Erth      3%         N/A       28%         2
 Searing Ray              Conj           8%         2d4       28%         2
 Sublimation of Blood     Necr           4%         N/A       28%         2
 Dazzling Flash           Conj/Hex       8%         N/A       50%         3
 Tukima's Dance           Hex            4%         N/A       50%         3
 Passage of Golubria      Tloc           11%        N/A       58%         4
 Fulminant Prism          Conj/Hex       2%         3d6       88%         4
 Petrify                  Tmut/Erth      4%         N/A       88%         4
 Manifold Assault         Tloc           11%        N/A       91%         5
 Silence                  Hex/Air        4%         N/A       97%         5
 Agony                    Necr           4%         N/A       99%         5
 Irradiate                Conj/Tmut      2%         3d12      99%         5
 Yara's Violent Unravell  Hex/Tmut       2%         3d3       99%         5
 Corpse Rot               Necr/Pois/Air  Unusable   N/A       N/A         4

Dungeon Overview and Level Annotations

Branches:
Dungeon (11/15)            Temple (1/1) D:6             Orc (0/2) D:9
   Lair: D:8-11

Altars:
Ashenzari
Cheibriados
Dithmenos
Elyvilon
Fedhas
Gozag
Hepliaklqana
Kikubaaqudgha
Makhleb
Nemelex Xobeh
Okawaru
Qazlal
Ru
Sif Muna
Trog
Uskayaw
Vehumet
Wu Jian
Xom
Yredelemnul
Zin
The Shining One

Shops:
D:1 *   D:5 **

Portals:
Gauntlet: D:11

Annotations:
D:3 exclusion: downstairs
D:8 2 transporters, exclusions: downstairs and elephant, Erica; Psyche
D:9 exclusion: downstairs
D:10 Sonja


Message History

The wyvern bites you!
* * * LOW HITPOINT WARNING * * *
You hear the loud beating of a drum nearby.
You hear the stately tolling of a distant bell.
The wyvern bites you.
* * * LOW HITPOINT WARNING * * *
You kill the wyvern!
Found a wand of charming (5).
Saving game... please wait.
You hear a distant snort.
Hark!
There is a gateway to a gauntlet on this level.
Find the entrance quickly before the gate is sealed!
You hear coins being counted.
An interdimensional caravan has stopped on this level and set up a bazaar.
Hurry and find its entrance before they move on!
Welcome back, H0rd4k the Human Artificer.
Gozag says: Greed is good.
Press ? for a list of commands and other information.
Found 4 gold pieces.
Found 3 stones.
Found a stone staircase leading up.
You see here 3 stones.
The two-headed ogre is distracted by your dazzling golden aura.
The manticore flicks its tail.
The volley of spikes reflects off an invisible shield around you!
The volley of spikes hits the manticore!
The manticore flicks its tail.
The volley of spikes hits you but does no damage.
The two-headed ogre shouts in stereo!
The manticore flicks its tail.
The volley of spikes hits you!
The barbed spikes become lodged in your body.
* * * LOW HITPOINT WARNING * * *
There is a stone staircase leading up here.
The barbs in your skin will harm you if you move.
Continue?
The manticore flicks its tail.
The volley of spikes hits you!
The barbed spikes become lodged in your body.
* * * LOW HITPOINT WARNING * * *
The barbed spikes dig painfully into your body as you move.
You die...
Your body crumbles into a pile of gold.

#. #..... #..##..##....
#.........##..##..##...>
#.........##......##....
#.........##H.O...##O...
#.........##..#...##....
..........##..#...##....
#.........##..#...##...#
#.........##H.#...O....#
#......@...O..#........#
#.............#...##...#
#........###..#...##...#
#........# #..#...##...#
#........# #..#...##...#
#........# #..#...##...#
#........# #..#/.. ...#
#........# ...
#........#


You could see a two-headed ogre and a manticore (skewered).

Vanquished Creatures
  2 two-headed ogres (D:9)
  Pikel (D:8)
  Joseph (D:8)
  A gargoyle (D:11)
  A kobold demonologist (D:7)
  A wyvern (D:11)
  12 yaks (D:9)
  Grum (D:8)
  2 vampire mosquitoes (D:9)
  A steam dragon (D:8)
  Duvessa (D:4)
  An acid dragon (D:7)
  4 orc warriors
  An ice beast (D:5)
  2 black bears (D:6)
  3 sky beasts
  3 ogres
  4 wolves (D:8)
  4 centaurs
  2 lemures (D:8)
  2 phantoms
  3 kobold brigands
  3 bullfrogs
  4 necrophages
  A scorpion (D:7)
  15 killer bees
  4 howler monkeys
  3 electric eels (D:7)
  3 hounds
  5 orc priests
  Ijyb (D:3)
  An iguana (D:7)
  10 orc wizards
  3 gnolls (D:7)
  5 adders
  A shadow imp (D:6)
  An ufetubus (D:6)
  4 worms
  The ghost of paps the Sneak, a weakling OpDe (D:5)
  3 dart slugs
  32 orcs
  6 bats
  6 endoplasms
  3 giant cockroaches
  8 goblins
  3 hobgoblins
  5 jackals
  23 kobolds
  2 quokkas (D:2)
  6 ball pythons
  4 frilled lizards (D:2)
  5 rats
224 creatures vanquished.

Vanquished Creatures (collateral kills)
  A centaur (D:5)
  An iguana (D:5)
  An adder (D:5)
  A gnoll (D:7)
  2 orcs (D:3)
  An endoplasm (D:2)
  2 goblins (D:3)
  A frilled lizard (D:2)
  A kobold (D:2)
  2 rats
13 creatures vanquished.

Vanquished Creatures (others)
  A vampire mosquito (D:7)
  2 water moccasins (D:5)
  A black bear (D:5)
  Dowan (D:4)
  A gnoll bouda (D:7)
  2 orc priests (D:3)
  2 gnolls (D:7)
  64 plants
74 creatures vanquished.

Grand Total: 311 creatures vanquished

Notes
Turn   | Place    | Note
-------+----------+-------------------------------------------
     0 | D:1      | H0rd4k the Human Artificer began the quest for the Orb.
     0 | D:1      | Reached XP level 1. HP: 15/15 MP: 1/1
   419 | D:1      | Found a faded altar of an unknown god.
   447 | D:1      | Reached XP level 2. HP: 19/21 MP: 2/2
   489 | D:1      | Reached skill level 1 in Maces & Flails
   801 | D:1      | Found Viqes's Assorted Antiques.
  1240 | D:2      | Reached XP level 3. HP: 26/26 MP: 3/3
  2118 | D:2      | Reached XP level 4. HP: 26/32 MP: 4/4
  2570 | D:3      | Found a stormy altar of Qazlal.
  3641 | D:3      | Noticed Ijyb
  3810 | D:3      | Found a hide-covered altar of Uskayaw.
  3950 | D:4      | Noticed a phantom
  4147 | D:4      | Noticed Dowan
  4148 | D:4      | Noticed Duvessa
  4155 | D:4      | Your ally Dowan died
  4161 | D:4      | Killed Duvessa
  4162 | D:4      | Reached skill level 1 in Shields
  4162 | D:4      | Reached XP level 5. HP: 38/38 MP: 5/5
  4162 | D:4      | Reached XP level 6. HP: 44/44 MP: 6/6
  4174 | D:4      | Identified the +1 leather armour of Lifelessness {rPois
                  | Int+2 Slay+6 Stlth+}
  4694 | D:4      | Reached skill level 1 in Short Blades
  4770 | D:5      | Entered Level 5 of the Dungeon
  5010 | D:5      | Found an iron altar of Okawaru.
  5085 | D:5      | Found a transporter.
  5090 | D:5      | Found a transporter.
  5090 | D:5      | Noticed paps's ghost (weakling OpDe)
  5186 | D:5      | Reached XP level 7. HP: 47/51 MP: 7/7
  5239 | D:5      | Found Zin's Purification Station.
  5250 | D:5      | Found a glowing silver altar of Zin.
  5295 | D:5      | Reached skill level 2 in Short Blades
  5460 | D:5      | Reached skill level 3 in Short Blades
  5560 | D:5      | Noticed a water moccasin
  5565 | D:5      | Noticed a water moccasin
  5582 | D:5      | Reached XP level 8. HP: 14/58 MP: 8/8
  5817 | D:5      | Found Ivvisu's Serpentskin Sales.
  5983 | D:5      | Reached skill level 4 in Short Blades
  6630 | D:6      | Reached skill level 5 in Short Blades
  6902 | D:6      | Reached skill level 5 in Dodging
  6902 | D:6      | Reached XP level 9. HP: 64/65 MP: 9/9
  6945 | D:6      | Learned a level 2 spell: Blink
  6949 | D:6      | Learned a level 3 spell: Swiftness
  7026 | D:6      | Found a staircase to the Ecumenical Temple.
  7131 | Temple   | Entered the Ecumenical Temple
  7376 | D:6      | Reached skill level 6 in Short Blades
  7388 | D:6      | Found a bloodstained altar of Trog.
  7780 | D:7      | Found a broken altar of Ashenzari.
  7841 | D:7      | Reached skill level 1 in Spellcasting
  7841 | D:7      | Reached skill level 1 in Translocations
  7841 | D:7      | Reached skill level 1 in Air Magic
  8632 | D:7      | Reached skill level 7 in Short Blades
  8841 | D:7      | Noticed a kobold demonologist
  9025 | D:7      | Reached XP level 10. HP: 31/73 MP: 11/13
  9025 | D:7      | Noticed a sun demon
  9262 | D:8      | Noticed Grum
  9294 | D:8      | Reached skill level 8 in Short Blades
  9300 | D:8      | HP: 3/73 [wolf[Grum] (9)]
  9305 | D:8      | Killed Grum
  9674 | D:8      | Noticed Psyche
  9698 | D:8      | Noticed an elephant
 10134 | D:8      | Identified the +2 helmet of the Ancient Dances {Dex+3}
 10256 | D:8      | Reached skill level 5 in Fighting
 10420 | D:8      | Found a basalt altar of Yredelemnul.
 10420 | D:8      | Noticed a death knight
 10423 | D:8      | Found an ancient bone altar of Kikubaaqudgha.
 10423 | D:8      | Noticed a skeletal warrior
 10437 | D:8      | Noticed a death knight
 10438 | D:8      | Noticed Erica
 10440 | D:8      | Found a transporter.
 10451 | D:8      | Found a transporter.
 10457 | D:8      | Noticed Joseph
 10461 | D:8      | Identified a scroll of acquirement
 10461 | D:8      | Acquired a manual of Long Blades
 10479 | D:8      | Killed Joseph
 10572 | D:8      | Noticed Pikel
 10605 | D:8      | Killed Pikel
 10818 | D:8      | Learned a level 3 spell: Call Canine Familiar
 10821 | D:8      | Reached skill level 9 in Short Blades
 10953 | D:9      | Noticed a two-headed ogre
 11003 | D:9      | Found a snail-covered altar of Cheibriados.
 11051 | D:9      | Noticed a two-headed ogre
 11153 | D:9      | Reached skill level 1 in Summonings
 11254 | D:9      | Reached XP level 11. HP: 54/80 MP: 16/16
 11309 | D:9      | Found an opulent altar of Gozag.
 11537 | D:9      | Noticed a two-headed ogre
 11860 | D:10     | Entered Level 10 of the Dungeon
 11863 | D:10     | Noticed Sonja
 11967 | D:9      | Found a staircase to the Orcish Mines.
 11984 | D:9      | Killed a two-headed ogre
 12047 | D:9      | Became a worshipper of Gozag Ym Sagoz the Greedy
 12470 | D:3      | Killed Ijyb
 12617 | D:5      | Killed paps's ghost
 13478 | D:9      | Killed a two-headed ogre
 13479 | D:9      | Reached skill level 10 in Short Blades
 14153 | D:10     | Identified the +2 leather armour of Xoejus {Contam Harm
                  | rPois}
 14355 | D:11     | Found a gate leading to a gauntlet.
 14355 | D:11     | Noticed a two-headed ogre
 14359 | D:11     | Noticed a two-headed ogre
 14365 | D:11     | Noticed a manticore
 14403 | D:11     | HP: 3/83 [manticore/volley of spikes (10)]
 14404 | D:11     | Succumbed to barbed spike wounds

Illustrated notes

Levels and vault maps discovered:
D:1:      lemuel_arrival_tunnels, layout_loops_ring,
          dreamdust_ecumenical_altar_grove, serial_shops, shop_statue,
          hangedman_abyss_or_decor_lesser_grid, minmay_misc_feat_diagonals,
          minmay_tetromino_t4
D:2:      layout_loops_cross
D:3:      kennysheep_goblin_castle, layout_rooms, amcnicky_altar_gilded,
          nicolae_uskayaw_dance_hall, serial_forest, infiniplex_forest_end_2,
          infiniplex_forest_clump_long, infiniplex_forest_clump_medium,
          infiniplex_forest_zigzag_1, infiniplex_forest_lined_room_2,
          infiniplex_forest_lined_3, infiniplex_forest_lined_ring,
          infiniplex_forest_corner_1
D:4:      layout_gridville, uniq_duvessa
D:5:      layout_layer_cave, zin_purify, old_standard_altar,
          gammafunk_ghost_arena, guppyfry_shop_venom
D:6:      layout_rooms, mainiacjoe_overflow_boulevard, lemuel_temple_firewalk_b
D:7:      layout_loops_ring, nicolae_ashenzari_skybound, serial_bayou,
          serial_bayou_pond_a, serial_bayou_lagoon_a, serial_bayou_pond_c,
          serial_bayou_pond_d, kb_rosetta
D:8:      layout_basic, gammafunk_temple_of_torment, david_lair_generic,
          minmay_misc_feat_more_columns, minmay_misc_feat_tower, uniq_psyche,
          uniq_joseph, uniq_erica, uniq_pikel, uniq_grum
D:9:      layout_long_grid, grunt_gozag_statues,
          mainiacjoe_overflow_small_starburst, orc_0_dummy
D:10:     layout_cross, uniq_sonja
D:11:     layout_long_grid, gauntlet_entry_generic, serial_shops,
          bzr_entry_lakeside, enter_trove_0, uniq_josephine, uniq_fannar
Temple:   nicolae_temple_bog_church

Skill      XL: |  1  2  3  4  5  6  7  8  9 10 11 |
---------------+----------------------------------+-----
Maces & Flails | 1 3 4 |  4.3
Dodging        | 2 3 4 5 6 7 |  7.7
Fighting       | 2 3 4 5 6 |  6.4
Shields        | 1 2 3 |  3.6
Short Blades   | 1 3 5 7 9 10 | 10.0
Spellcasting   | 2 3 4 |  4.7
Translocations | 2 |  2.1
Air Magic      | 2 |  2.4
Summonings     | 1 3 |  3.8
Stealth        | 2 4 |  4.2
Throwing       | |  0.8
Armour         | |  2.0
Evocations     | |  3.2

Action                   |  1- 3 |  4- 6 |  7- 9 | 10-12 || total
-------------------------+-------+-------+-------+-------++-------
Melee: Club              |   130 |   136 |       |       ||   266
       Punch             |     3 |       |     1 |     8 ||    12
       Dagger            |       |    42 |   217 |   487 ||   746
Throw: Dart              |       |       |     2 |     5 ||     7
 Cast: Call Canine Famil |       |       |       |     2 ||     2
Evoke: Wand              |    11 |    16 |    13 |     4 ||    44
       Phial of floods   |       |       |       |     1 ||     1
  Use: Scroll            |       |       |     7 |    13 ||    20
       Potion            |       |       |     1 |     4 ||     5
 Stab: Sleeping          |     3 |     7 |     5 |     4 ||    19
       Distracted        |     1 |       |     1 |     1 ||     3
Armor: Leather armour    |    67 |    39 |    32 |    66 ||   204
Dodge: Dodged            |   105 |   112 |   104 |   194 ||   515
Block: Other             |       |    32 |    35 |    70 ||   137
       Reflection        |       |     2 |       |     1 ||     3
